 Dungeon Crawl Stone Soup version 0.29-a0-414-g5075937ec3 (webtiles) character file.

Game seed: 11387337934011779467

231 purpskrrrp the Sneak (level 5, -2/53 HPs)
             Began as a Troll Delver on May 15, 2022.
             Was a Believer of Makhleb.
             Slain by an orc wizard
             ... wielding a +2 dagger of electrocution
              (5 damage)
             ... on level 3 of the Dungeon.
             The game lasted 00:13:49 (2016 turns).

purpskrrrp the Sneak (Troll Delver)                 Turns: 2016, Time: 00:13:49

Health: -2/53      AC:  4    Str: 22    XL:     5   Next: 73%
Magic:  4/4        EV: 10    Int:  6    God:    Makhleb [**....]
Gold:   192        SH:  0    Dex: 11    Spells: 4/4 levels left

rFire   + . .      SeeInvis .   h - +0 halberd
rCold   x . .      Faith    .   (shield currently unavailable)
rNeg    . . .      Spirit   .   b - +0 robe
rPois   .          Reflect  .   (helmet restricted)
rElec   .          Harm     .   (no cloak)
rCorr   .          Rampage  .   (gloves unavailable)
Will    .....                   (boots unavailable)
Stlth   +.........              (no amulet)
HPRegen 0.97/turn               p - ring of fire
MPRegen 0.09/turn               (no ring)

@: confused
A: large, unfitting armour, claws 3, regeneration 1, shaggy fur 1, tough skin 1
a: Renounce Religion, Minor Destruction


You were on level 3 of the Dungeon.
You worshipped Makhleb.
Makhleb was pleased with you.
You visited 1 branch of the dungeon, and saw 5 of its levels.

You collected 192 gold pieces.

Inventory:

Hand Weapons
 a - a +0 falchion
 h - a +0 halberd (weapon)
Missiles
 u - 5 poisoned darts (quivered)
Armour
 b - a +0 robe (worn)
 e - a +0 helmet
 t - a +0 cloak
Jewellery
 p - a ring of fire (left claw)
Wands
 g - a wand of digging (3)
Scrolls
 c - a scroll of fog
 d - a scroll of magic mapping
 l - a scroll of enchant weapon {unknown}
 m - a scroll of fear
 s - a scroll of identify {unknown}
Potions
 f - a potion of flight {unknown}
 i - 2 potions of heal wounds {unknown}
 j - a potion of magic {unknown}
 k - 2 potions of attraction {unknown}
 n - a potion of degeneration {unknown}
 o - a potion of cancellation {unknown}
 r - a potion of mutation {unknown}


   Skills:
 + Level 3.0 Fighting
 + Level 1.8 Long Blades
 + Level 2.8 Polearms
 + Level 2.3 Dodging
 + Level 3.3 Stealth


You had 4 spell levels left.
You didn't know any spells.
Your spell library contained the following spells:

 Spells                   Type           Power      Damage    Failure   Level
 Ensorcelled Hibernation  Hex/Ice        0%         N/A       58%         2
 Spider Form              Tmut/Pois      0%         N/A       83%         3
 Anguish                  Hex/Necr       0%         N/A       99%         4


Dungeon Overview and Level Annotations

Branches:
Dungeon (5/15)
 Temple: D:4-7

Altars:
Makhleb
Nemelex Xobeh
Qazlal

Shops:
D:2 ?

Annotations:
D:3 3 runed translucent doors, jlumianski's ghost, weakling DsFi


Innate Abilities, Weirdness & Mutations

You are too large for most types of armour.
You have claws for hands.
Your natural rate of healing is unusually fast.
You are covered in fur. (AC +1)
You have tough skin. (AC +1)


Message History

You slash the orc!
You kill the orc!
Makhleb accepts your kill.
Things that are here:
a +0 mace; a +0 leather armour; an orc corpse You see here a +0 hand axe.
An orc wizard is nearby!
The orc wizard casts a spell at you. The magic dart hits you!
The orc wizard shouts!
You closely miss the orc wizard.
You hear a shout!
The orc wizard casts a spell at you.
You are confused.
The orc wizard hits you with a +2 dagger of electrocution.
You are electrocuted!!
The orc wizard points at you and mumbles some strange words.
The magic dart hits you!
* * * LOW HITPOINT WARNING * * *
The orc wizard gestures at you while chanting.
The puff of flame hits you. You resist.
* * * LOW HITPOINT WARNING * * *
You miss the orc wizard. The orc wizard casts a spell at you.
You resist with some effort.
The orc wizard hits you with a +2 dagger of electrocution.
* * * LOW HITPOINT WARNING * * *
You bump into the rock wall.
The orc wizard points at you and mumbles some strange words.
The puff of flame hits you. You resist.
* * * LOW HITPOINT WARNING * * *
The orc wizard hits you with a +2 dagger of electrocution.
* * * LOW HITPOINT WARNING * * *
The orc wizard attacks as you move away!
The orc wizard hits you with a +2 dagger of electrocution.
* * * LOW HITPOINT WARNING * * *
You are too confused!
The orc wizard attacks as you move away!
The orc wizard hits you with a +2 dagger of electrocution.
You die...

########## o........#
o..o.....# o. #### #..#
..##)..##..##############
#.#.....#......)).......#
#.......o..###.########.#
#.#.....#@###...........#
#.##...##.###..#######..#
#.#######..##............
#.........###.########..#
##.##.###.###.# #..#
#.##.........# #..#
#.###.##.##### #..# #.#
#.##.# #..# #.# #.##.#
######..#


You could see an orc wizard.

Vanquished Creatures
  A hound (D:3)
  An iguana (D:3)
  2 orc wizards (D:3)
  3 adders
  2 gnolls
  2 worms
  2 dart slugs
  5 orcs (D:3)
  8 endoplasms
  3 giant cockroaches
  6 goblins
  5 hobgoblins
  5 quokkas
  5 ball pythons
  3 bats
  4 frilled lizards
  6 kobolds
  3 rats
66 creatures vanquished.

Notes
Turn   | Place    | Note
-------+----------+-------------------------------------------
     0 | D:5      | purpskrrrp the Troll Delver began the quest for the Orb.
     0 | D:5      | Reached XP level 1. HP: 22/22 MP: 0/0
     1 | D:5      | Found a burning altar of Makhleb.
     6 | D:5      | Became a worshipper of Makhleb the Destroyer
    29 | D:5      | Noticed an iguana
    33 | D:5      | Noticed an iguana
   105 | D:4      | Reached XP level 2. HP: 7/29 MP: 1/1
   306 | D:1      | Reached XP level 3. HP: 22/36 MP: 2/2
   573 | D:1      | Reached * piety under Makhleb
   584 | D:1      | Reached skill level 1 in Polearms
   971 | D:1      | Reached XP level 4. HP: 33/44 MP: 3/3
  1166 | D:2      | Found Huzxaiv's Magic Scroll Shoppe.
  1470 | D:3      | Reached XP level 5. HP: 16/53 MP: 4/4
  1616 | D:3      | Found a runed translucent gate.
  1616 | D:3      | Found a runed translucent gate.
  1617 | D:3      | Found a runed translucent gate.
  1619 | D:3      | Noticed jlumianski's ghost (weakling DsFi)
  1713 | D:3      | HP: 2/53 [something/magic dart (7)]
  1724 | D:3      | Reached ** piety under Makhleb
  1907 | D:3      | Found a sparkling altar of Nemelex Xobeh.
  1921 | D:3      | Found a stormy altar of Qazlal.
  2015 | D:3      | HP: 2/53 [orc wizard/+2 dagger of electrocution (4)]
  2016 | D:3      | Slain by an orc wizard

Illustrated notes

Levels and vault maps discovered:
D:1:      dpeg_arrival_chambers_temple_mockup, layout_loops_ring
D:2:      layout_rooms, serial_shops, nicolae_shop_stone
D:3:      layout_loops_ring, nicolae_overflow_crystal_walls,
          lemuel_crystal_altar, gammafunk_ghost_necromancy,
          minmay_misc_feat_enclosed, uniq_sigmund
D:4:      layout_loops_cross, kennysheep_mini_moat, grunt_ministairs_9,
          hangedman_abyss_or_decor_lesser_grid, minmay_misc_feat_ornament,
          minmay_misc_feat_plants, kennysheep_generic_room_14, uniq_natasha
D:5:      layout_gridville, mainiacjoe_overflow_alcove_1,
          lightli_temple_of_fire, mainiacjoe_overflow_alcove_4,
          cheibriados_altar_1, mainiacjoe_overflow_surrounded_room,
          mainiacjoe_overflow_tiny_flanked, kennysheep_generic_room_9

Skill      XL: |  1  2  3  4 |
---------------+-------------+-----
Stealth        | 3 |  3.3
Polearms       | 1 2 |  2.8
Dodging        | 2 |  2.3
Fighting       | 3 |  3.0
Long Blades    | |  1.8

Action                   |  1- 3 |  4- 6 || total
-------------------------+-------+-------++-------
Melee: Falchion          |    11 |       ||    11
       Halberd           |   120 |   156 ||   276
  Use: Scroll            |     1 |     1 ||     2
       Potion            |       |     4 ||     4
 Stab: Sleeping          |     4 |     3 ||     7
Armor: Robe              |    75 |    70 ||   145
Dodge: Dodged            |   103 |    80 ||   183

Table legend: (Time is in decaauts)
 A = Elapsed time spent in this place.
 B = Non-inter-level travel time spent in this place.
 C = Inter-level travel time spent in this place.
 D = Time resting spent in this place.
 E = Time spent auto-exploring this place.
 F = Levels seen in this place.
 G = Mean time per level.
                   A        B        C        D        E       F      G
               +--------+--------+--------+--------+--------+-----+--------+
         Total |   2118 |   1903 |    215 |     69 |    980 |   5 |  423.6 |
       Dungeon |   2118 |   1903 |    215 |     69 |    980 |   5 |  423.6 |
               +--------+--------+--------+--------+--------+-----+--------+

Top non-repeatable levels by time:
     D:1: 810 daAuts
     D:3: 666 daAuts
     D:2: 447 daAuts
     D:4: 146 daAuts
     D:5: 47 daAuts
